 Dungeon Crawl Stone Soup version 0.17-a0-1504-gb7d9117 (webtiles) character file.

46 Duffy the Conjurer (level 3, -2/26 HPs)
             Began as a Demigod Conjurer on July 7, 2015.
             Slain by an adder (3 damage)
             ... on level 2 of the Dungeon.
             The game lasted 00:01:17 (1492 turns).

Duffy the Conjurer (Demigod Conjurer)               Turns: 1492, Time: 00:01:17

Health: -2/26      AC:  2    Str: 11    XL:     3   Next: 26%
Magic:  8/8        EV: 12    Int: 21    God:
Gold:   27         SH:  0    Dex: 16    Spells: 1 memorised, 5 levels left

rFire  . . .     SeeInvis .     m - -3 quarterstaff (curse)
rCold  . . .     Clarity  .     a - +0 robe
rNeg   . . .     SustAt   +     (no shield)
rPois  +         Gourm    .     (no helmet)
rElec  .         Spirit   .     (no cloak)
rCorr  .         Warding  .     (no gloves)
rMut   .         Stasis   .     (no boots)
MR     .....                    (no amulet)
Stlth  ++........               (no ring)
                                l - ring of poison resistance

@: not resistant to hostile enchantments, unstealthy
A: high mp 1, sustain attributes
a: no special abilities


You were on level 2 of the Dungeon.
You were very hungry.

You visited 1 branch of the dungeon, and saw 2 of its levels.

You collected 27 gold pieces.


Innate Abilities, Weirdness & Mutations

You have an increased reservoir of magic (+10% MP).
Your attributes are resistant to harm.


   Skills:
 - Level 1.7 Dodging
 + Level 2.4 Stealth
 + Level 2.2 Spellcasting
 * Level 4.2 Conjurations


You had 5 spell levels left.
You knew the following spells:

 Your Spells              Type           Power        Failure   Level  Hunger
a - Magic Dart            Conj           ###.         2%          1    #......

Inventory:

Hand weapons
 m - a cursed -3 quarterstaff (weapon)
Armour
 a - a +0 robe (worn)
Jewellery
 l - a ring of poison resistance (left hand)
Scrolls
 d - 2 scrolls of identify {unknown}
 e - 2 scrolls of recharging {unknown}
 g - a scroll of magic mapping {unknown}
 i - 2 scrolls of remove curse {unknown}
Potions
 f - 2 potions of degeneration {unknown}
 h - 2 potions of mutation {unknown}
 j - 2 potions of heal wounds {unknown}
 k - a potion of invisibility {unknown}
Books
 b - a book of Conjurations
Comestibles
 c - a bread ration

Dungeon Overview and Level Annotations

Branches:
Dungeon (2/15)


Message History

You are too injured to fight recklessly!
You are too injured to fight recklessly!
You hit the gnoll.
You kill the gnoll!
Things that are here:
a spear; a gnoll corpse You are feeling very hungry.
An adder comes into view.
An adder is nearby!
An adder is nearby!
An adder is nearby!
An adder is nearby!
The adder bites you. The adder barely misses you.
Things that are here:
a spear; a gnoll corpse You barely miss the adder.
The adder misses you.
You hit the adder.
The adder is lightly wounded.
The adder bites you. x2
You miss the adder.
The adder is lightly wounded.
The adder bites you. x2
You closely miss the adder.
The adder is lightly wounded.
The adder closely misses you.
You hit the adder.
The adder is moderately wounded.
The adder barely misses you. The adder bites you.
You miss the adder.
The adder is moderately wounded.
The adder completely misses you. The adder bites you.
You hit the adder but do no damage.
The adder is moderately wounded.
The adder barely misses you. The adder bites you.
You die...

###### #..... #.####
##### #.# ...# #.#
##.#############.#
#...@S...........# [
#.......################
. #.#8.8### ##.# ... #..
#.# #. ##### #.#
#.##...## #.# #
#.....#### #.#


You could see an adder.

Action                   || total
-------------------------++-------
Melee: Quarterstaff      ||    13
 Cast: Magic Dart        ||    54
  Eat: Chunk             ||     1

Notes
Turn   | Place    | Note
--------------------------------------------------------------
     0 | D:1      | Duffy the Demigod Conjurer began the quest for the Orb.
     0 | D:1      | Reached XP level 1. HP: 14/14 MP: 5/5
   176 | D:1      | Reached skill level 2 in Stealth
   283 | D:1      | Reached XP level 2. HP: 20/20 MP: 5/7
   312 | D:1      | Reached skill level 2 in Spellcasting
   696 | D:2      | Reached skill level 4 in Conjurations
   877 | D:2      | Found a basalt altar of Yredelemnul.
  1084 | D:2      | Reached XP level 3. HP: 20/26 MP: 0/8
  1492 | D:2      | Slain by an adder

Vault maps used:
D:1:      dpeg_arrival_rooms_a
D:2:      small_statue_intersection, yredelemnul_altar_generic

Vanquished Creatures
  An adder
  A gnoll
  An ooze
  2 bats
  2 giant cockroaches
  3 goblins
  6 hobgoblins
  3 kobolds
  A giant newt
  3 rats
23 creatures vanquished.
